AoeStats
← paikujanlp

Arabia

509809143Analyzed
1v1 RM · 5d ago on Sep 28, 2026· 29m 3s· 2 players
Game mode
Random Map
Map size
Tiny (2 player)
Population
200
Speed
Normal
Resources
Standard
Victory
Conquest
Starting age
Dark Age
Ending age
Imperial Age
RankedLock teamsTeams togetherTeam positionsShared explorationLock speedFull tech treeHidden civsTurbo modeCheats
Victory
Defeat
🇨🇿 Bohemians · Czechia
1035
+16
🇦🇷 Spanish · Argentina
1026
-16
paikujanlp
10:35 Loom
12:39 Feudal Age
16:43 Castle Age
14:45 Stone Mining
15:00 Double-Bit Axe
23:27 Fletching
25:36 Bodkin Arrow
jiri.bubnik
0:27 Loom
13:23 Feudal Age
17:40 Castle Age
17:11 Fletching
17:09 Double-Bit Axe
17:47 Pikeman
26:35 Town Watch
Connection lost

Rejoining the realm…

Still unreachable

The connection could not be restored.

Session expired

The server has moved on; the page needs a fresh start.